 Dungeon Crawl Stone Soup version 0.25-a0-544-gee0576305d (webtiles) character file.

Game seed: 16879969075428924982, levelgen mode: deterministic

3713 Fingolfin the Skirmisher (level 9, -3/57 HPs)
             Began as a Deep Elf Conjurer on Feb 20, 2020.
             Was a Believer of Vehumet.
             Slain by Joseph
             ... wielding a +3 vorpal quarterstaff
              (8 damage)
             ... on level 8 of the Dungeon.
             The game lasted 00:31:00 (8971 turns).

Fingolfin the Skirmisher (Deep Elf Conjurer)        Turns: 8971, Time: 00:31:01

Health: -3/57      AC:  7    Str:  6    XL:     9   Next: 91%
Magic:  2/18       EV: 13    Int: 23    God:    Vehumet [**....]
Gold:   329        SH:  4    Dex: 15    Spells: 4/18 levels left

rFire    . . .     SeeInvis .   C - +6 long sword (freeze)
rCold    . . .     Gourm    .   w - +0 buckler
rNeg     . . .     Faith    +   e - +1 leather armour {MR+}
rPois    .         Spirit   .   l - +1 helmet
rElec    .         Reflect  .   B - +0 cloak
rCorr    +         Harm     .   (no gloves)
MR       +....                  (no boots)
Stlth    +++.......             v - amulet of faith
HPRegen  0.19/turn              d - ring of resist corrosion
MPRegen  0.16/turn              x - ring of flight

@: very slightly contaminated
A: no striking features
a: Renounce Religion, Evoke Flight


You were on level 8 of the Dungeon.
You worshipped Vehumet.
Vehumet was pleased with you.
You were hungry.

You visited 2 branches of the dungeon, and saw 9 of its levels.

You collected 329 gold pieces.

Inventory:

Hand Weapons
 C - a +6 long sword of freezing (weapon)
Armour
 e - a +1 leather armour of magic resistance (worn)
 l - a +1 helmet (worn)
 w - a +0 buckler (worn)
 B - a +0 cloak (worn)
 D - +0 swamp dragon scales
 F - a +4 scale mail
Jewellery
 d - a ring of resist corrosion (left hand)
 v - an amulet of faith (around neck)
 x - a ring of flight (right hand)
Wands
 a - a wand of flame (31)
 y - a wand of polymorph (4)
 A - a wand of enslavement (14)
Scrolls
 b - 4 scrolls of enchant armour
 f - 4 scrolls of teleportation {unknown}
 i - 9 scrolls of remove curse
 o - a scroll of magic mapping {unknown}
 r - a scroll of random uselessness {unknown}
 s - 4 scrolls of blinking
 t - 2 scrolls of brand weapon {unknown}
 u - a scroll of immolation {unknown}
Potions
 g - 5 potions of curing
 h - 3 potions of heal wounds
 j - 2 potions of might
 k - 2 potions of mutation
 m - a potion of ambrosia {unknown}
 n - a potion of berserk rage
 p - a potion of invisibility {unknown}
 q - a potion of haste {unknown}
 z - 4 potions of lignification
 E - a potion of magic {unknown}
Comestibles
 c - 15 rations
 G - a chunk of flesh


   Skills:
 - Level 7.6 Fighting
 - Level 5.1 Long Blades
 - Level 4.0 Armour
 - Level 4.4 Dodging
 - Level 6.1 Stealth
 + Level 2.0 Shields
 - Level 5.0 Spellcasting
 - Level 5.0 Conjurations
 - Level 2.0 Hexes
 - Level 2.2 Translocations


You had 4 spell levels left.
You knew the following spells:

 Your Spells              Type           Power        Failure   Level  Hunger
a - Magic Dart            Conj           ####         2%          1    None
b - Searing Ray           Conj           ####..       3%          2    None
c - Dazzling Flash        Conj/Hex       ###...       13%         3    ##.....
d - Fulminant Prism       Conj/Hex       ###.......   38%         4    ####...
e - Iskenderun's Mystic   Conj/Tloc      ###.....     38%         4    ####...

Your spell library contained the following spells:

 Spells                   Type           Power        Failure   Level  Hunger
 Foxfire                  Conj/Fire      ###.         6%          1    None


Dungeon Overview and Level Annotations

Branches:
Dungeon (8/15)             Temple (1/1) D:5
   Lair: D:8-11

Altars:
Ashenzari
Cheibriados
Dithmenos
Elyvilon
Fedhas
Gozag
Hepliaklqana
Kikubaaqudgha
Makhleb
Nemelex Xobeh
Okawaru
Qazlal
Ru
Sif Muna
Trog
Uskayaw
Vehumet
Wu Jian
Xom
Yredelemnul
Zin
The Shining One

Shops:
D:7 =

Annotations:
D:5 2 transporters, Velcatt's ghost, novice TrFi
D:8 Joseph


Message History

Evoke which item? (* to show all) (? for menu, Esc to quit)
Aiming: Throw Flame
Press: ? - help, Shift-Dir - straight line, f/p - Joseph
Aim: Joseph, wielding a +0 hunting sling, wearing a +0 leather armour and quivering 14 sling bullets (almost dead)
The puff of flame hits Joseph.
Joseph is almost dead.
Evoke which item? (* to show all) (? for menu, Esc to quit)
Aiming: Throw Flame
Press: ? - help, Shift-Dir - straight line, f/p - Joseph
Aim: Joseph, wielding a +0 hunting sling, wearing a +0 leather armour and quivering 14 sling bullets (almost dead)
The puff of flame hits Joseph.
Joseph is almost dead.
Evoke which item? (* to show all) (? for menu, Esc to quit)
Aiming: Throw Flame
Press: ? - help, Shift-Dir - straight line, f/p - Joseph
Aim: Joseph, wielding a +0 hunting sling, wearing a +0 leather armour and quivering 14 sling bullets (almost dead)
The puff of flame misses Joseph.
Joseph unwields a +0 hunting sling.
Joseph wields a +3 vorpal quarterstaff.
Joseph hits you with a +3 vorpal quarterstaff!
You die...

........##.##... #..
.######.##..#.# ..# [##
#.......### ##.. ..#
#####.....## #..### #.##
###.#....####....# #..##
#...###.....#[#
##..#####.#####..##.#.####...
###..##.<.##.................
....).)...)..###@@....#######
......#########.(##...##
#####..# ##.#####..##### ##.#
#..# ##.....#####
##.#######.## ##..(......
#..........# #.........
#.......#### #..........
#.......# #?.........
#.......# #....$.....


You could see Joseph.

Vanquished Creatures
  Maggie (D:7)
  A hippogriff (D:7)
  A human (D:7)
  4 hogs (D:7)
  Duvessa (D:6)
  3 ogres
  A centaur (D:5)
  Blork the orc (D:6)
  A big kobold (D:7)
  4 bullfrogs
  A gnoll sergeant (D:7)
  A water moccasin zombie (D:6)
  2 scorpions
  Dowan (D:6)
  7 wights
  A howler monkey (D:4)
  4 crimson imps
  2 jellies (D:7)
  A quasit (D:5)
  A hound (D:6)
  3 orc priests
  A centaur zombie (D:7)
  A bullfrog zombie (D:7)
  7 orc wizards
  Crazy Yiuf (D:6)
  2 iguanas
  4 worker ants
  A hound zombie (D:7)
  3 worker ant zombies (D:6)
  Robin (D:3)
  9 gnolls
  9 adders
  A howler monkey skeleton (D:6)
  A shadow imp (D:6)
  3 adder skeletons
  4 worms
  2 dart slugs
  9 leopard geckos
  9 orcs
  5 ball pythons
  6 giant cockroaches
  12 goblins
  9 hobgoblins
  4 jackals
  10 kobolds
  A quokka (D:5)
  A ball python skeleton (D:4)
  7 bats
  6 frilled lizards
  3 leopard gecko zombies
  A quokka skeleton (D:5)
  6 rats
  A fungus (D:6)
182 creatures vanquished.

Vanquished Creatures (others)
  16 fulminant prisms
16 creatures vanquished.

Grand Total: 198 creatures vanquished

Notes
Turn   | Place    | Note
-------+----------+-------------------------------------------
     0 | D:1      | Fingolfin the Deep Elf Conjurer began the quest for the
                  | Orb.
     0 | D:1      | Reached XP level 1. HP: 10/10 MP: 6/6
   328 | D:1      | Reached XP level 2. HP: 16/16 MP: 3/8
   332 | D:1      | Learned a level 2 spell: Searing Ray
   392 | D:1      | Reached skill level 1 in Fighting
   992 | D:1      | Reached XP level 3. HP: 20/20 MP: 7/10
   997 | D:1      | Learned a level 3 spell: Dazzling Flash
  1344 | D:2      | Reached skill level 2 in Fighting
  1516 | D:1      | Reached XP level 4. HP: 10/26 MP: 4/12
  1800 | D:3      | Reached skill level 5 in Spellcasting
  1939 | D:3      | Noticed Robin
  2125 | D:3      | Found a shattered altar of Ashenzari.
  2319 | D:3      | Reached XP level 5. HP: 32/32 MP: 11/14
  2325 | D:3      | Learned a level 4 spell: Fulminant Prism
  2330 | D:3      | Learned a level 4 spell: Iskenderun's Mystic Blast
  2410 | D:3      | Killed Robin
  2582 | D:3      | Reached skill level 3 in Fighting
  3200 | D:4      | Found a shadowy altar of Dithmenos.
  3300 | D:4      | Reached skill level 1 in Hexes
  3300 | D:4      | Reached skill level 1 in Translocations
  3517 | D:4      | Reached XP level 6. HP: 33/37 MP: 4/15
  3941 | D:5      | Entered Level 5 of the Dungeon
  3968 | D:5      | Found a transporter.
  3969 | D:5      | Noticed Velcatt's ghost (novice TrFi)
  4225 | D:5      | Found a transporter.
  4409 | D:5      | Reached skill level 5 in Stealth
  4700 | D:5      | Reached XP level 7. HP: 41/42 MP: 10/16
  4829 | D:5      | Found a staircase to the Ecumenical Temple.
  4836 | Temple   | Entered the Ecumenical Temple
  5085 | Temple   | Became a worshipper of Vehumet
  5257 | D:6      | Noticed Duvessa
  5257 | D:6      | Noticed Dowan
  5301 | D:5      | Reached skill level 4 in Fighting
  5517 | D:6      | Reached skill level 5 in Fighting
  5924 | D:6      | Reached XP level 8. HP: 39/51 MP: 9/17
  6081 | D:6      | Noticed Blork the orc
  6085 | D:6      | Killed Blork the orc
  6085 | D:6      | Reached skill level 6 in Fighting
  6189 | D:6      | Killed Dowan
  6200 | D:6      | Killed Duvessa
  6660 | D:6      | Found a runed translucent door.
  6661 | D:6      | Noticed Crazy Yiuf
  6667 | D:6      | Killed Crazy Yiuf
  6723 | D:7      | Reached skill level 7 in Fighting
  7187 | D:7      | Reached * piety under Vehumet
  7187 | D:7      | Offered knowledge of Sandblast by Vehumet.
  7208 | D:7      | Reached skill level 1 in Long Blades
  7216 | D:7      | Reached skill level 5 in Conjurations
  7345 | D:7      | Reached XP level 9. HP: 57/57 MP: 8/18
  7619 | D:7      | Noticed Maggie
  7641 | D:7      | Killed Maggie
  7641 | D:7      | Reached skill level 5 in Long Blades
  7758 | D:7      | Found Zimaas's Jewellery Shoppe.
  7961 | D:7      | Reached skill level 1 in Armour
  7973 | D:7      | Reached ** piety under Vehumet
  7973 | D:7      | Offered knowledge of Foxfire by Vehumet.
  8620 | D:7      | Reached skill level 1 in Shields
  8877 | D:8      | Noticed Joseph
  8971 | D:8      | Slain by Joseph

Levels and vault maps discovered:
D:1:      dpeg_arrival_pits, layout_loops_ring, patterned_corridor
D:2:      layout_basic
D:3:      layout_basic, cheibrodos_ashenzari_chains, uniq_robin
D:4:      layout_basic, first_ration, chequers_garden,
          nicolae_dithmenos_the_darkroom
D:5:      layout_cave_pools, minmay_temple_entry_overgrown,
          gammafunk_ghost_mausoleum, hangedman_minor_gate_pass
D:6:      layout_basic, uniq_crazy_yiuf_cottage, uniq_blork_the_orc,
          uniq_duvessa
D:7:      wad_river_or_something, layout_basic, serial_shops,
          nicolae_shop_stone, grunt_livestock, uniq_maggie
D:8:      layout_rooms, erik_lair_dragon, uniq_joseph, uniq_maurice,
          uniq_psyche, uniq_pikel
Temple:   nicolae_temple_the_god_donut

Skill      XL: |  1  2  3  4  5  6  7  8  9 |
---------------+----------------------------+-----
Fighting       | 1 2 3 5 7 |  7.6
Spellcasting   | 4 5 |  5.0
Stealth        | 3 5 6 |  6.1
Hexes          | 1 2 |  2.0
Translocations | 1 2 |  2.2
Long Blades    | 2 5 |  5.1
Conjurations   | 5 |  5.0
Armour         | 4 |  4.0
Dodging        | 4 |  4.4
Shields        | 2 |  2.0

Action                   |  1- 3 |  4- 6 |  7- 9 || total
-------------------------+-------+-------+-------++-------
Melee: Unarmed           |     4 |       |       ||     4
       Dagger            |    18 |       |       ||    18
       Spear             |       |     7 |       ||     7
       Long sword        |       |       |    45 ||    45
 Cast: Magic Dart        |    60 |    95 |    84 ||   239
       Searing Ray       |     5 |    20 |    51 ||    76
       Dazzling Flash    |     1 |     1 |       ||     2
       Fulminant Prism   |       |       |    16 ||    16
Evoke: Wand              |       |       |     3 ||     3
  Use: Potion            |     2 |     1 |     1 ||     4
       Scroll            |       |       |     9 ||     9
 Stab: Sleeping          |       |       |     1 ||     1
  Eat: Chunk             |     1 |     9 |    17 ||    27
Armor: Robe              |     6 |     4 |     4 ||    14
       Leather armour    |       |       |     9 ||     9
Dodge: Dodged            |    48 |    30 |    69 ||   147
Block: Buckler           |       |       |     3 ||     3
       Rpst.: Long sword |       |       |    14 ||    14

Table legend:
 A = Non-vault XP
 B = Vault XP
 C = Vault XP percentage of total XP
 D = Non-vault monster count
 E = Vault monster count
 F = Vault count percentage of total count
                 A         B        C        D         E       F
            +---------+---------+-------+---------+---------+-------
      Total |    3207 |    2098 |  39.5 |     147 |      34 |  18.8
            +---------+---------+-------+---------+---------+-------
        D:1 |      64 |       0 |   0.0 |      30 |       0 |   0.0
        D:2 |      62 |       0 |   0.0 |      18 |       0 |   0.0
        D:3 |      87 |      34 |  28.1 |      15 |      11 |  42.3
        D:4 |     178 |       0 |   0.0 |      10 |       0 |   0.0
        D:5 |     420 |     137 |  24.6 |       8 |       7 |  46.7
        D:6 |     606 |     340 |  35.9 |      18 |       4 |  18.2
        D:7 |    1367 |    1587 |  53.7 |      36 |      12 |  25.0
        D:8 |     423 |       0 |   0.0 |      12 |       0 |   0.0
            +---------+---------+-------+---------+---------+-------
